 Dungeon Crawl Stone Soup version 0.29-a0-219-g0a02b1cf4f (webtiles) character file.

Game seed: 37429514394989987

143 siradein the Digger (level 5, -1/38 HPs)
             Began as a Ghoul Earth Elementalist on Feb 25, 2022.
             Slain by an orc wizard
             ... wielding a +0 dagger
              (3 damage)
             ... on level 3 of the Dungeon.
             The game lasted 00:06:02 (3609 turns).

siradein the Digger (Ghoul Earth Elementalist)      Turns: 3609, Time: 00:06:03

Health: -1/38      AC:  2    Str: 12    XL:     5   Next: 25%
Magic:  15/17      EV: 12    Int: 12    God:
Gold:   179        SH:  0    Dex:  9    Spells: 5/9 levels left

rFire   . . .      SeeInvis .   l - +1 dagger (venom)
rCold   + . .      Faith    .   (no shield)
rNeg    + + +      Spirit   .   b - +0 robe
rPois   ∞          Reflect  .   (no helmet)
rElec   .          Harm     .   (no cloak)
rCorr   .          Rampage  .   (no gloves)
Will    .....                   (no boots)
Stlth   ++........              (no amulet)
HPRegen 0.00/turn               i - ring of magical power
MPRegen 0.15/turn               (no ring)

@: inhibited regen
A: claws 1, cold resistance 1, negative energy resistance 3, inhibited
regeneration, torment resistance 2
a: no special abilities


You were on level 3 of the Dungeon.
You visited 1 branch of the dungeon, and saw 3 of its levels.

You collected 179 gold pieces.

Inventory:

Hand Weapons
 l - a +1 dagger of venom (weapon)
Missiles
 a - 59 stones
 g - 15 boomerangs
Armour
 b - a +0 robe (worn)
Jewellery
 i - a ring of magical power (left claw)
Scrolls
 c - a scroll of magic mapping {unknown}
 d - a scroll of enchant weapon {unknown}
 e - a scroll of immolation {unknown}
 h - 2 scrolls of blinking
 j - a scroll of amnesia {unknown}
 k - 3 scrolls of silence {unknown}
 m - a scroll of fear {unknown}
 o - a scroll of enchant armour {unknown}
 p - a scroll of noise {unknown}
Potions
 f - a potion of heal wounds {unknown}
 n - a potion of curing {unknown}


   Skills:
 + Level 2.9 Dodging
 - Level 2.1 Stealth
 + Level 2.7 Spellcasting
 + Level 1.1 Conjurations
 - Level 0.8 Transmutations
 + Level 4.3 Earth Magic


You had 5 spell levels left.
You knew the following spells:

 Your Spells              Type           Power      Damage    Failure   Level
a - Sandblast             Erth           24%        2d8       4%          1
b - Stone Arrow           Conj/Erth      16%        3d8       24%         3

Your spell library contained the following spells:

 Spells                   Type           Power      Damage    Failure   Level
 Passwall                 Tmut/Erth      5%         N/A       13%         2
 Foxfire                  Conj/Fire      12%        2x1d4     21%         1
 Ensorcelled Hibernation  Hex/Ice        2%         N/A       36%         2
 Frozen Ramparts          Ice            2%         1d2       58%         3
 Petrify                  Tmut/Erth      7%         N/A       65%         4
 Summon Ice Beast         Ice/Summ       1%         N/A       94%         4
 Fireball                 Conj/Fire      1%         3d3       99%         5
 Starburst                Conj/Fire      1%         6d3       100%        6
 Ignition                 Fire           0%         3d3       100%        8
 Ice Form                 Ice/Tmut       Unusable   N/A       N/A         4

Dungeon Overview and Level Annotations

Branches:
Dungeon (3/15)

Altars:
Cheibriados


Innate Abilities, Weirdness & Mutations

You thrive by killing the living.
You are immune to poison.
You have sharp fingernails.
Your flesh is cold resistant. (rC+)
You are immune to negative energy. (rN+++)
You do not regenerate when monsters are visible.
You are immune to unholy pain and torment.


Message History

You hit the orc priest.
The orc priest looks as sick as possible!
The orc priest is lightly wounded.
The orc priest misses you.
You hit the orc priest.
The orc priest looks as sick as possible!
The orc priest is moderately wounded.
The orc priest hits you with a +0 club.
* * * LOW HITPOINT WARNING * * *
You hit the orc priest.
The orc priest looks as sick as possible!
The orc priest is severely wounded.
The orc priest hits you but does no damage.
You closely miss the orc priest.
The orc priest is almost dead.
You kill the orc priest!
You feel better.
The orc wizard gestures at you while chanting.
The magic dart hits you.
* * * LOW HITPOINT WARNING * * *
You have reached level 5!
You feel stronger.
The orc wizard hits you but does no damage.
Things that are here:
a +0 club; a +0 leather armour; an orc corpse You hit the orc wizard but do no damage.
The orc wizard is poisoned.
The orc wizard hits you with a +0 dagger.
* * * LOW HITPOINT WARNING * * *
You barely miss the orc wizard. The orc wizard barely misses you.
You hit the orc wizard.
The orc wizard looks as sick as possible!
The orc wizard is moderately wounded.
The orc wizard hits you with a +0 dagger.
* * * LOW HITPOINT WARNING * * *
You hit the orc wizard.
The orc wizard looks as sick as possible!
The orc wizard is severely wounded.
The orc wizard hits you with a +0 dagger.
You die...

.......##.#.#......#..##
........#'#.#...#..#..#
............#.#.#..#..#
............#.#....#..#
............#.##.).#h.#
####........#.##...#
............#.###..#
#####.....###.###.>#
..###.....###...@o.#
.####.....##########
.#..............
..............##
......._......#
.#...........##
.#...........#
.####.....####
.####.....####


You could see an orc wizard (extremely poisoned).

Vanquished Creatures
  An orc priest (D:3)
  A mummy (D:3)
  3 adders (D:3)
  A worm (D:3)
  A dart slug (D:1)
  11 orcs (D:3)
  3 ball pythons (D:1)
  9 endoplasms
  2 giant cockroaches (D:2)
  4 goblins
  5 hobgoblins
  6 jackals
  2 bats (D:1)
  A frilled lizard (D:2)
  3 kobolds (D:3)
  A rat (D:2)
54 creatures vanquished.

Vanquished Creatures (others)
  A plant (D:3)
1 creature vanquished.

Grand Total: 55 creatures vanquished

Notes
Turn   | Place    | Note
-------+----------+-------------------------------------------
     0 | D:1      | siradein the Ghoul Earth Elementalist began the quest for
                  | the Orb.
     0 | D:1      | Reached XP level 1. HP: 14/14 MP: 2/2
   426 | D:1      | Reached XP level 2. HP: 11/20 MP: 4/4
  1413 | D:2      | Reached XP level 3. HP: 23/26 MP: 5/5
  1423 | D:2      | Got Ulaanam's Tome of Heat and the Oath
  1745 | D:2      | Learned a level 3 spell: Stone Arrow
  2511 | D:3      | Reached skill level 4 in Earth Magic
  2511 | D:3      | Reached XP level 4. HP: 25/33 MP: 6/6
  2997 | D:3      | Found a snail-covered altar of Cheibriados.
  3261 | D:3      | Reached skill level 1 in Conjurations
  3605 | D:3      | Reached XP level 5. HP: 7/38 MP: 8/8
  3609 | D:3      | Slain by an orc wizard

Illustrated notes

Levels and vault maps discovered:
D:1:      giann_bridges, layout_rooms, supply_closet_lemuel,
          hangedman_decor_slide_cut, serial_bayou_ford_a, minmay_liquid_box
D:2:      layout_rooms, minmay_tetromino_i4
D:3:      lemuel_castle_with_subvaults [lemuel_castle_interior_carwin_3],
          layout_basic, slow_altar_1, uniq_robin

Skill      XL: |  1  2  3  4 |
---------------+-------------+-----
Dodging        | 2 |  2.9
Spellcasting   | 2 |  2.7
Earth Magic    | 4 |  4.3
Conjurations   | 1 |  1.1
Stealth        | |  2.1
Transmutations | |  0.8

Action                   |  1- 3 |  4- 6 || total
-------------------------+-------+-------++-------
Melee: Unarmed           |    66 |       ||    66
       Punch             |     2 |       ||     2
       Dagger            |   106 |    70 ||   176
 Cast: Sandblast         |     6 |     7 ||    13
  Use: Scroll            |     1 |       ||     1
 Stab: Sleeping          |     3 |     2 ||     5
Armor: Robe              |    26 |     7 ||    33
Dodge: Dodged            |   117 |    43 ||   160

Table legend: (Time is in decaauts)
 A = Elapsed time spent in this place.
 B = Non-inter-level travel time spent in this place.
 C = Inter-level travel time spent in this place.
 D = Time resting spent in this place.
 E = Time spent auto-exploring this place.
 F = Levels seen in this place.
 G = Mean time per level.
                   A        B        C        D        E       F      G
               +--------+--------+--------+--------+--------+-----+--------+
         Total |   3629 |   3588 |     41 |      0 |   3065 |   3 | 1209.7 |
       Dungeon |   3629 |   3588 |     41 |      0 |   3065 |   3 | 1209.7 |
               +--------+--------+--------+--------+--------+-----+--------+

Top non-repeatable levels by time:
     D:1: 1387 daAuts
     D:3: 1264 daAuts
     D:2: 976 daAuts
